ITL
CAPE COD CLAMS @ BIRMINGHAM BARONS
08/09/2027
 
TOP OF THE 1ST
Cape Cod Clams batting - Pitching for Birmingham Barons : RHP Michael Young
Pitching: RHP Michael Young
Batting: RHB Max Jones 0-0: Foul Ball, location: 2F
0-1: Ball
1-1: Swinging Strike
1-2: SINGLE (Groundball, 56D)
Batting: RHB John Pick 0-0: Ball
1-0: Ball
2-0: Fly out, F4 (Line Drive, 4)
Batting: RHB Carlos García 0-0: Ball
1-0: Called Strike
1-1: Ball
2-1: Ball
3-1: Foul Ball, location: 2F
3-2: TRIPLE (Flyball, 78XD)
Max Jones scores
Batting: LHB Sixto Cantú 0-0: Called Strike
0-1: Foul Ball, location: 2F
0-2: Ball
1-2: Strikes out swinging
Batting: RHB Gerald Burnett 0-0: Called Strike
0-1: Called Strike
0-2: SINGLE (Groundball, 6D)
Carlos García scores
Batting: RHB António Magana 0-0: Fly out, F9 (Flyball, 89D)
Top of the 1st over - 2 run(s), 3 hit(s), 0 error(s), 1 left on base; Cape Cod 2 - Birmingham 0
BOTTOM OF THE 1ST
Birmingham Barons batting - Pitching for Cape Cod Clams : RHP Robert Martin
Pitching: RHP Robert Martin
Batting: LHB Al Gaines 0-0: Called Strike
0-1: Ball
1-1: Ball
2-1: Foul Ball, location: 2F
2-2: Foul Ball, location: 2F
2-2: Strikes out swinging
Batting: RHB Warren Martin 0-0: Ball
1-0: Swinging Strike
1-1: Ball
2-1: Foul Ball, location: 2F
2-2: Strikes out looking
Batting: RHB Todd Rogers 0-0: Called Strike
0-1: Ball
1-1: Foul Ball, location: 2F
1-2: Strikes out swinging
Bottom of the 1st over - 0 run(s), 0 hit(s), 0 error(s), 0 left on base; Cape Cod 2 - Birmingham 0
TOP OF THE 2ND
Cape Cod Clams batting - Pitching for Birmingham Barons : RHP Michael Young
Batting: RHB Kenny Cole 0-0: Ball
1-0: Foul Ball, location: 2F
1-1: Fly out, F9 (Flyball, 9LS)
Batting: RHB Guo-xiu Choi 0-0: Swinging Strike
0-1: Swinging Strike
0-2: Ground out 4-3 (Groundball, 4M)
Batting: RHB Mitsuoki Taguchi 0-0: Ball
1-0: Called Strike
1-1: Ground out 4-3 (Groundball, 34)
Top of the 2nd over - 0 run(s), 0 hit(s), 0 error(s), 0 left on base; Cape Cod 2 - Birmingham 0
BOTTOM OF THE 2ND
Birmingham Barons batting - Pitching for Cape Cod Clams : RHP Robert Martin
Batting: SHB Anastasio Ortíz 0-0: Ball
1-0: Called Strike
1-1: Ball
2-1: Fly out, F8 (Flyball, 8LD)
Batting: RHB Jean-Paul St-Pierre 0-0: Called Strike
0-1: Ball
1-1: Fly out, F9 (Flyball, 9)
Batting: RHB Peyton Yardley 0-0: SINGLE (Groundball, 56D)
Batting: LHB John Haney 0-0: Called Strike
0-1: Ball
1-1: Ball
2-1: SINGLE (Groundball, 56D)
Peyton Yardley to second
Runner from 2nd tries for 3rd, SAFE, throw made to third
John Haney to second
Batting: SHB Tony Echevarría 0-0: Ground out 4-3 (Groundball, 34)
Bottom of the 2nd over - 0 run(s), 2 hit(s), 0 error(s), 2 left on base; Cape Cod 2 - Birmingham 0
TOP OF THE 3RD
Cape Cod Clams batting - Pitching for Birmingham Barons : RHP Michael Young
Batting: RHB Max Jones 0-0: Called Strike
0-1: Swinging Strike
0-2: Foul Ball, location: 2F
0-2: Ball
1-2: SINGLE (Line Drive, 4D)
Batting: RHB John Pick 0-0: Foul Ball, location: 2F
0-1: Grounds into double play, 5-4-3 (Groundball, 5)
Batting: RHB Carlos García 0-0: Ball
1-0: DOUBLE (Line Drive, 7LS)
Batting: LHB Sixto Cantú 0-0: Called Strike
0-1: Called Strike
0-2: Ball
1-2: Ball
2-2: Foul Ball, location: 2F
2-2: Ball
3-2: Foul Ball, location: 2F
3-2: Base on Balls
Batting: RHB Gerald Burnett 0-0: Ball
1-0: Foul Ball, location: 2F
1-1: Ball
2-1: Swinging Strike
2-2: 3-RUN HOME RUN (Line Drive, 7D), Distance : 350 ft
Batting: RHB António Magana 0-0: Called Strike
0-1: Foul Ball, location: 2F
0-2: Ground out 1-3 (Groundball, 15S)
Top of the 3rd over - 3 run(s), 3 hit(s), 0 error(s), 0 left on base; Cape Cod 5 - Birmingham 0
BOTTOM OF THE 3RD
Birmingham Barons batting - Pitching for Cape Cod Clams : RHP Robert Martin
Batting: RHB Vicente Elías 0-0: Ball
1-0: Ball
2-0: Ball
3-0: Called Strike
3-1: Called Strike
3-2: Base on Balls
Batting: LHB Al Gaines 0-0: Ball
1-0: Ball
2-0: Foul Ball, location: 2F
2-1: Ball
3-1: Foul Ball, location: 2F
3-2: SINGLE (Groundball, 34) (infield hit)
Vicente Elías to second
Batting: RHB Warren Martin 0-0: Hit by Pitch
Vicente Elías to third
Al Gaines to second
Batting: RHB Todd Rogers 0-0: Ball
1-0: Ball
2-0: Ball
3-0: Called Strike
3-1: Fly out, F8 (Flyball, 8RM)
Runner from 3rd tags up, SCORES, throw made
Batting: SHB Anastasio Ortíz 0-0: Called Strike
Al Gaines is caught stealing 3rd base
Warren Martin to second
0-1: Called Strike
0-2: Ball
1-2: Ball
2-2: Foul Ball, location: 2F
2-2: Strikes out swinging
Bottom of the 3rd over - 1 run(s), 1 hit(s), 0 error(s), 1 left on base; Cape Cod 5 - Birmingham 1
TOP OF THE 4TH
Cape Cod Clams batting - Pitching for Birmingham Barons : RHP Michael Young
Batting: RHB Kenny Cole 0-0: Ball
1-0: Called Strike
1-1: Ball
2-1: Foul Ball, location: 2F
2-2: Foul Ball, location: 2F
2-2: Fly out, F5 (Line Drive, 5)
Batting: RHB Guo-xiu Choi 0-0: Called Strike
0-1: Called Strike
0-2: Ball
1-2: Ball
2-2: Foul Ball, location: 2F
2-2: Ball
3-2: SINGLE (Line Drive, 7S)
Batting: RHB Mitsuoki Taguchi 0-0: Called Strike
0-1: Fly out, F8 (Flyball, 89M)
Batting: RHB Max Jones 0-0: Ball
1-0: Swinging Strike
1-1: Ball
Guo-xiu Choi is caught stealing 2nd base
Top of the 4th over - 0 run(s), 1 hit(s), 0 error(s), 0 left on base; Cape Cod 5 - Birmingham 1
BOTTOM OF THE 4TH
Birmingham Barons batting - Pitching for Cape Cod Clams : RHP Robert Martin
Batting: RHB Jean-Paul St-Pierre 0-0: Ball
1-0: Called Strike
1-1: Called Strike
1-2: Ground out U3 (Groundball, 34)
Batting: RHB Peyton Yardley 0-0: Swinging Strike
0-1: Ball
1-1: Ground out 5-3 (Groundball, 56)
Batting: LHB John Haney 0-0: Called Strike
0-1: Foul Ball, location: 2F
0-2: Ball
1-2: Strikes out swinging
Bottom of the 4th over - 0 run(s), 0 hit(s), 0 error(s), 0 left on base; Cape Cod 5 - Birmingham 1
TOP OF THE 5TH
Cape Cod Clams batting - Pitching for Birmingham Barons : RHP Michael Young
Pitching: RHP César Morín
Batting: RHB Max Jones 0-0: Swinging Strike
0-1: Ball
1-1: Ball
2-1: Ball
3-1: Foul Ball, location: 2F
3-2: Base on Balls
Batting: RHB John Pick 0-0: Called Strike
0-1: Swinging Strike
0-2: Ball
1-2: Foul Ball, location: 2F
1-2: Strikes out swinging
Batting: RHB Carlos García 0-0: Called Strike
0-1: Grounds into double play, 4-6-3 (Groundball, 4)
Top of the 5th over - 0 run(s), 0 hit(s), 0 error(s), 0 left on base; Cape Cod 5 - Birmingham 1
BOTTOM OF THE 5TH
Birmingham Barons batting - Pitching for Cape Cod Clams : RHP Robert Martin
Batting: SHB Tony Echevarría 0-0: Called Strike
0-1: Foul Ball, location: 2F
0-2: Strikes out swinging
Batting: RHB Vicente Elías 0-0: Foul Ball, location: 2F
0-1: Ball
1-1: Reached on error, E5 (Groundball, 5L)
Batting: LHB Al Gaines 0-0: Ball
1-0: Called Strike
1-1: Called Strike
1-2: Foul Ball, location: 2F
1-2: Foul Ball, location: 2F
1-2: Strikes out swinging
Batting: RHB Warren Martin 0-0: Ball
1-0: Ball
2-0: Called Strike
2-1: Ground out 5-3 (Groundball, 56)
Bottom of the 5th over - 0 run(s), 0 hit(s), 1 error(s), 1 left on base; Cape Cod 5 - Birmingham 1
TOP OF THE 6TH
Cape Cod Clams batting - Pitching for Birmingham Barons : RHP César Morín
Batting: LHB Sixto Cantú 0-0: Ball
1-0: Ball
2-0: Ball
3-0: Called Strike
3-1: Base on Balls
Batting: RHB Gerald Burnett 0-0: Called Strike
0-1: Foul Ball, location: 2F
0-2: Foul Ball, location: 2F
0-2: Strikes out swinging
Batting: RHB António Magana 0-0: Swinging Strike
0-1: Fly out, F6 (Line Drive, 6)
Batting: RHB Kenny Cole 0-0: Swinging Strike
0-1: Foul Ball, location: 2F
0-2: Foul Ball, location: 2F
0-2: Ball
1-2: Strikes out swinging
Top of the 6th over - 0 run(s), 0 hit(s), 0 error(s), 1 left on base; Cape Cod 5 - Birmingham 1
BOTTOM OF THE 6TH
Birmingham Barons batting - Pitching for Cape Cod Clams : RHP Robert Martin
Batting: RHB Todd Rogers 0-0: Ball
1-0: Ball
2-0: Ball
3-0: Called Strike
3-1: Foul Ball, location: 2F
3-2: Fly out, F7 (Flyball, 7)
Batting: SHB Anastasio Ortíz 0-0: Fly out, F8 (Flyball, 8LM)
Batting: RHB Jean-Paul St-Pierre 0-0: Called Strike
0-1: Ball
1-1: Ball
2-1: Ball
3-1: SOLO HOME RUN (Flyball, 89XD), Distance : 397 ft
Batting: RHB Peyton Yardley 0-0: Called Strike
0-1: Ball
1-1: Foul Ball, location: 2F
1-2: Strikes out looking
Bottom of the 6th over - 1 run(s), 1 hit(s), 0 error(s), 0 left on base; Cape Cod 5 - Birmingham 2
TOP OF THE 7TH
Cape Cod Clams batting - Pitching for Birmingham Barons : RHP César Morín
Batting: RHB Guo-xiu Choi 0-0: Ball
1-0: Foul Ball, location: 2F
1-1: Bunted foul
1-2: Strikes out looking
Batting: RHB Mitsuoki Taguchi 0-0: Ball
1-0: Ball
2-0: Fly out, F8 (Flyball, 8LXD)
Batting: RHB Max Jones 0-0: SINGLE (Groundball, 6MD)
Batting: RHB John Pick 0-0: Swinging Strike
0-1: Called Strike
Max Jones steals 2nd base
0-2: Foul Ball, location: 2F
0-2: Foul Ball, location: 2F
0-2: Foul Ball, location: 2F
0-2: Ground out 6-3 (Groundball, 6M)
Top of the 7th over - 0 run(s), 1 hit(s), 0 error(s), 1 left on base; Cape Cod 5 - Birmingham 2
BOTTOM OF THE 7TH
Birmingham Barons batting - Pitching for Cape Cod Clams : RHP Robert Martin
Pitching: RHP Patrick Doyle
Batting: LHB John Haney 0-0: Ball
1-0: Ball
2-0: Ball
3-0: Called Strike
3-1: Base on Balls
Batting: SHB Tony Echevarría 0-0: Ball
1-0: Called Strike
1-1: Called Strike
1-2: Ball
2-2: Fly out, F9 (Flyball, 89S)
Batting: RHB Vicente Elías 0-0: Ball
1-0: Called Strike
John Haney steals 2nd base
1-1: Ball
2-1: Swinging Strike
2-2: Strikes out swinging
Batting: LHB Al Gaines 0-0: Called Strike
0-1: SINGLE (Line Drive, 3)
John Haney to third
Runner from 3rd tries for Home, SAFE, no throw
Batting: RHB Warren Martin 0-0: Ball
1-0: Ball
2-0: Called Strike
2-1: Called Strike
2-2: Foul Ball, location: 2F
2-2: Foul Ball, location: 2F
2-2: Foul Ball, location: 2F
2-2: Ball
3-2: Fly out, F9 (Line Drive, 89D)
Bottom of the 7th over - 1 run(s), 1 hit(s), 0 error(s), 1 left on base; Cape Cod 5 - Birmingham 3
TOP OF THE 8TH
Cape Cod Clams batting - Pitching for Birmingham Barons : RHP César Morín
Batting: RHB Carlos García 0-0: Ball
1-0: Ball
2-0: Ball
3-0: Called Strike
3-1: Fly out, F9 (Flyball, 9S)
Batting: LHB Sixto Cantú 0-0: Swinging Strike
0-1: Ball
1-1: Ball
2-1: Foul Ball, location: 2F
2-2: Ball
3-2: Foul Ball, location: 2F
3-2: DOUBLE (Flyball, 78XD) - OUT at third base trying to stretch hit.
Batting: RHB Gerald Burnett 0-0: Ball
1-0: Ball
2-0: Ball
3-0: Base on Balls
Pitching: RHP Guillermo Lozano
Batting: RHB António Magana 0-0: Foul Ball, location: 2F
0-1: Ball
1-1: Swinging Strike
1-2: Foul Ball, location: 2F
1-2: Ball
2-2: Strikes out swinging
Top of the 8th over - 0 run(s), 1 hit(s), 0 error(s), 1 left on base; Cape Cod 5 - Birmingham 3
BOTTOM OF THE 8TH
Birmingham Barons batting - Pitching for Cape Cod Clams : RHP Patrick Doyle
Pitching: RHP Mario González
Batting: RHB Todd Rogers 0-0: Ground out 4-3 (Groundball, 34)
Batting: SHB Anastasio Ortíz 0-0: Swinging Strike
0-1: Called Strike
0-2: Foul Ball, location: 2F
0-2: Ball
1-2: Ball
2-2: Ball
3-2: SINGLE (Line Drive, 6)
Pitching: RHP Claudio Rivera
Batting: RHB Jean-Paul St-Pierre 0-0: Foul Ball, location: 2F
0-1: Ball
1-1: Ball
2-1: Ball
3-1: Base on Balls
Anastasio Ortíz to second
Pinch Hitting: LHB Marc May 0-0: Fly out, F8 (Flyball, 8LS)
Pitching: LHP Javier Luna
Pinch Hitting: RHB Dave Dawson 0-0: Ball
1-0: Ball
2-0: Fly out, F6 (Line Drive, 6)
Bottom of the 8th over - 0 run(s), 1 hit(s), 0 error(s), 2 left on base; Cape Cod 5 - Birmingham 3
TOP OF THE 9TH
Cape Cod Clams batting - Pitching for Birmingham Barons : RHP Guillermo Lozano
Now at 3B: Dave Dawson
Now in LF: Marc May
Batting: RHB Kenny Cole 0-0: Foul Ball, location: 2F
0-1: Foul Ball, location: 2F
0-2: Ball
1-2: Strikes out swinging
Batting: RHB Guo-xiu Choi 0-0: Called Strike
0-1: Called Strike
0-2: Strikes out swinging
Batting: RHB Mitsuoki Taguchi 0-0: Called Strike
0-1: SINGLE (Groundball, 56) (infield hit)
Batting: RHB Max Jones 0-0: Ball
1-0: Ball
Mitsuoki Taguchi is caught stealing 2nd base
Top of the 9th over - 0 run(s), 1 hit(s), 0 error(s), 0 left on base; Cape Cod 5 - Birmingham 3
BOTTOM OF THE 9TH
Birmingham Barons batting - Pitching for Cape Cod Clams : LHP Javier Luna
Pitching: RHP Juan Reyes
Batting: SHB Tony Echevarría 0-0: Foul Ball, location: 2F
0-1: Called Strike
0-2: Ball
1-2: Strikes out swinging
Batting: RHB Vicente Elías 0-0: Ball
1-0: SINGLE (Line Drive, 56D)
Batting: LHB Al Gaines 0-0: Ball
1-0: Foul Ball, location: 2F
1-1: Foul Ball, location: 2F
1-2: Strikes out swinging
Batting: RHB Warren Martin 0-0: Ball
1-0: Called Strike
1-1: Ball
2-1: Foul Ball, location: 2F
2-2: Strikes out swinging, 2-3 out at first.
Bottom of the 9th over - 0 run(s), 1 hit(s), 0 error(s), 1 left on base; Cape Cod 5 - Birmingham 3
Thursday, March 30th, 2017 - OOTP Baseball 17.12 Build 75